[Event "*** Titled Tuesday Blitz"]
[Site "Chess.com"]
[Date "2021.02.02"]
[Round "5"]
[White "zacachess"]
[Black "Margency"]
[Result "0-1"]
[WhiteElo "2423"]
[BlackElo "2630"]
[TimeControl "180+1"]
[EndTime "10:59:14 PST"]
[Termination "Margency won by resignation"]

1. e4 c5 2. Nf3 d6 3. d4 cxd4 4. Nxd4 Nf6 5. Nc3 a6 6. Bg5 e6 7.
Qe2 h6 8. Bh4 Be7 9. f4 Nxe4 10.
Bxe7 Nxc3 11. Qc4 Kxe7 12. Qxc3 Nd7 13. O-O-O Nf6 14. Be2 Re8 15. g4 Bd7 16. g5 Nd5 17.
Qg3 hxg5 18. fxg5 Bc6 19. Rhf1 Rf8 20. Bg4 Qa5 21. Kb1 Rae8 22. Rfe1 Kd7 23. c4 Nc7 24.
Nxc6 bxc6 25. Qxd6+ Kc8 26. Qxc6 Rd8 27. Bf3 Qb4 28. a3 Qb3 29. Rxd8+ Rxd8 30. Rc1 Rd2 31.
Qb7+ Qxb7 32. Bxb7+ Kxb7 33. Rc2 Rxc2 34. Kxc2 Kc6 35. h4 g6 36. Kd3 Kd6 37. b4 e5 38. Ke4 Ke6 39. a4 Na8 40. b5 axb5 41. cxb5 Nb6 42. a5 Nc4 43. a6 Nd6+ 44. Kd3 Nxb5 45.
Kc4 Na7 46. Kc5 Kd7 47. Kb6 Nc6 48. Kb7 e4 49. a7 Nxa7 50. Kxa7 e3 0-1

[Event "*** Titled Tuesday Blitz"]
[Site "Chess.com"]
[Date "2021.02.02"]
[Round "5"]
[White "andriipalchuk"]
[Black "Enriquack"]
[Result "0-1"]
[WhiteElo "2592"]
[BlackElo "2451"]
[TimeControl "180+1"]
[EndTime "10:59:15 PST"]
[Termination "Enriquack won by resignation"]

1. e4 c5 2. Nf3 e6 3. c3 d5 4. exd5 Qxd5 5. d4 Nf6 6. Na3 cxd4 7. Nb5 Qd8 8. Nbxd4 Be7 9. Bd3 O-O 10. O-O Nbd7 11. Qe2 Qa5 12. Bf4 Re8 13. Bg3 Nf8 14. Ne5 Ng6 15. b4 Qb6 16. Nc4 Qd8 17. Rad1 Nd5 18. Bxg6 hxg6 19. Nb5 Nxc3 20. Qc2 Nxd1 21. Rxd1 Bd7 22.
Nc7 Rc8 23. Nxe8 Qxe8 24. Qe4 Bc6 25. Qe3 Bd5 26. Ne5 Qa4 27. Re1 Bxb4 28. Rf1 Qxa2 29.
Qf4 f6 30. Qxb4 fxe5 31. Bxe5 Rf8 32. h3 Qe2 33. Bg3 a6 34. Re1 Qc4 35. Qe7 Rf7 36. Qe8+ Rf8 37. Qe7 Qc6 38. Qh4 Rf7 39. Qd8+ Rf8 40.
Qh4 Bxg2 41. Qg4 Bd5 42. Qxg6 Rf7 43. Be5 Qc4 44. Re3 Qc1+ 45. Kh2 Qh1+ 46. Kg3 Qg1+ 47. Kh4 Qxg6 0-1

[Event "*** Titled Tuesday Blitz"]
[Site "Chess.com"]
[Date "2021.02.02"]
[Round "5"]
[White "VladimirBugayev"]
[Black "djano"]
[Result "1/2-1/2"]
[WhiteElo "2253"]
[BlackElo "2471"]
[TimeControl "180+1"]
[EndTime "10:59:15 PST"]
[Termination "Game drawn by repetition"]

1. e4 c6 2. d4 d5 3. exd5 cxd5 4. Bd3 Nc6 5. c3 g6 6. Nf3 Bg7 7. O-O Bf5 8. Be2 Nf6 9. h3 O-O 10. Nbd2 Ne4 11. Nh4 Be6 12. f4 f5 13. Ndf3 Rb8 14.
Ng5 Nxg5 15. fxg5 b5 16. a3 a5 17. Bf4 Rb7 18. Nf3 Qd7 19. Bd3 Bf7 20. Re1 b4 21. axb4 axb4 22. Ra6 bxc3 23. bxc3 Nb8 24. Ra5 Nc6 25. Ra6 Nb8 26. Ra5 Rc8 27. Qa1 Nc6 28.
Rc5 e6 29. Rb1 Bf8 30. Rxb7 Qxb7 31. Rb5 Qd7 32. Qa6 Qa7 33. Qxa7 Nxa7 34. Rb7 Rxc3 35. Bxf5 gxf5 36. Rxa7 Bh5 37. Ne5 Ra3 38. Rb7 Ra8 39. Nd7 Bg7 40. Nf6+ Bxf6 41. gxf6 Bf7 42. Bh6 Rc8 43.
Kh2 Re8 44. Kg3 e5 45. dxe5 Rxe5 46. Rb8+ Re8 47. Rxe8+ Bxe8 48. Kf4 Bg6 49. Ke5 Kf7 50. Bg7 f4 51. Kxd5 Bd3 52. Ke5 Bf1 53. Kxf4 Bxg2 54. h4 Bd5 55. Kg5 Be4 56. Kf4 Bg6 57. Ke5 Bh5 58.
Kf4 Bg6 59. Ke5 Bh5 60. Kf4 Bg6 1/2-1/2

[Event "*** Titled Tuesday Blitz"]
[Site "Chess.com"]
[Date "2021.02.02"]
[Round "5"]
[White "BL4D3RUNN3R"]
[Black "shaheus"]
[Result "0-1"]
[WhiteElo "2211"]
[BlackElo "2408"]
[TimeControl "180+1"]
[EndTime "10:59:15 PST"]
[Termination "shaheus won by resignation"]

1. Nf3 d6 2. d4 g6 3. g3 Bg7 4. Bg2 Nf6 5. O-O O-O 6. b3 Nbd7 7. Bb2 e5 8. dxe5 Ng4 9. c4 Ndxe5 10. Nc3 Re8 11. Qd2 Nxf3+ 12. Bxf3 Ne5 13. Bg2 Bf5 14.
Bxb7 Rb8 15. Bg2 Qc8 16. Nd5 Nxc4 17. bxc4 Rxb2 18. Qa5 c6 19. Ne3 Be4 20. f3 Bd4 21. fxe4 Bxe3+ 22. Kh1 Rxe2 23. Rae1 Rxe1 24. Rxe1 Bc5 25.
e5 Bb6 26. Qa4 Rxe5 27. Rxe5 dxe5 28. Qxc6 Qxc6 29. Bxc6 f5 30. Kg2 Kf7 31. h3 Bd4 32. g4 Kf6 33. Kf3 e4+ 34. Ke2 Ke5 35. gxf5 gxf5 36.
Be8 f4 37. Bh5 f3+ 38. Kd2 Kf4 39. Be8 Bc5 40. Bc6 e3+ 41. Ke1 Bb4+ 42. Kf1 e2+ 0-1

[Event "*** Titled Tuesday Blitz"]
[Site "Chess.com"]
[Date "2021.02.02"]
[Round "5"]
[White "LenkaPtacnikova"]
[Black "barriochess"]
[Result "1-0"]
[WhiteElo "2116"]
[BlackElo "2422"]
[TimeControl "180+1"]
[EndTime "10:59:15 PST"]
[Termination "LenkaPtacnikova won by checkmate"]

1. c4 e5 2. g3 Nf6 3. Bg2 Nc6 4.
Nc3 Bb4 5. Nd5 a5 6. e3 O-O 7. Ne2 Re8 8. O-O Bf8 9. d3 d6 10. h3 Nxd5 11. cxd5 Ne7 12. d4 e4 13. Bxe4 Bxh3 14.
Re1 Qd7 15. Nf4 Bf5 16. Bg2 Ng6 17. e4 Bg4 18. Qd3 Nxf4 19. Bxf4 g6 20. Rac1 Bg7 21. Rc3 Re7 22. Rec1 Qd8 23. Bg5 f6 24. Bf4 Rc8 25. f3 Bd7 26. Qc2 Bb5 27. Bh3 Bd7 28. Bg2 Bb5 29. Bh3 f5 30. Qd2 Rf7 31. Bg5 Bxd4+ 32.
Qxd4 Qxg5 33. Kh2 h5 34. exf5 gxf5 35. f4 Qg6 36. Re3 b6 37. Rce1 Rg7 38. Qc3 Kh7 39.
Re6 Qf7 40. Rf6 Qd7 41. Bxf5+ Qxf5 42. Rxf5 Kg6 43. Qf6+ Kh7 44. Rxh5+ Kg8 45. Qe6+ Rf7 46. Qxc8+ Kg7 47. Rg5+ Kh6 48. Qe6+ Kh7 49. Qxf7+ Kh6 50.
Qg7# 1-0

[Event "*** Titled Tuesday Blitz"]
[Site "Chess.com"]
[Date "2021.02.02"]
[Round "5"]
[White "ZenBull"]
[Black "KetiGrant"]
[Result "1-0"]
[WhiteElo "2248"]
[BlackElo "2366"]
[TimeControl "180+1"]
[EndTime "10:59:17 PST"]
[Termination "ZenBull won on time"]

1. Nf3 Nf6 2. c4 c5 3. Nc3 g6 4. e4 Bg7 5. d4 cxd4 6. Nxd4 d6 7. Be2 Nc6 8. Be3 O-O 9. O-O Nxd4 10. Bxd4 a5 11. Rc1 a4 12. Qd2 Qa5 13. Rfd1 Be6 14. f3 Nd7 15. Be3 Rfc8 16. Nd5 Bxd5 17. cxd5 Qxd2 18. Rxc8+ Rxc8 19. Rxd2 Ne5 20. Bd4 Bh6 21. Rd1 Rc2 22. Bb5 a3 23. bxa3 Rxa2 24. a4 Bf4 25.
Bxe5 Bxe5 26. Kf1 Kg7 27. Rc1 Bd4 28. Rc7 b6 29. Rxe7 Rf2+ 30. Ke1 Rxg2 31. Rd7 Bc5 32. h4 h5 33. Rb7 Rh2 34. Be8 Kf8 35. Bxf7 Rxh4 36. Bxg6 Rh1+ 37. Ke2 h4 38. Rh7 h3 39. Bf5 h2 40. Kd3 Bf2 41. Ke2 Bg3 42. Be6 1-0

[Event "*** Titled Tuesday Blitz"]
[Site "Chess.com"]
[Date "2021.02.02"]
[Round "5"]
[White "ApacheSVD"]
[Black "andy_rekt"]
[Result "1-0"]
[WhiteElo "2420"]
[BlackElo "2237"]
[TimeControl "180+1"]
[EndTime "10:59:18 PST"]
[Termination "ApacheSVD won by resignation"]

1. e4 e6 2. d4 d5 3. Nd2 Be7 4. exd5 exd5 5. Bd3 Nf6 6. Ne2 Nbd7 7. O-O c5 8. c3 O-O 9. Nf3 Ne4 10. Be3 b6 11. Ng3 Bb7 12. Qc2 Nxg3 13. hxg3 Nf6 14.
Ne5 Rc8 15. Bf5 Rc7 16. Qe2 Bd6 17. Bf4 Re8 18. Rfe1 Rce7 19. Qc2 Ne4 20. f3 Nf6 21. g4 g6 22. Bd3 Qc7 23. Qf2 Nd7 24. Nxd7 Qxd7 25. Bxd6 Qxd6 26. Rxe7 Rxe7 27. Re1 Kf8 28. Rxe7 Qxe7 29. Qe2 Qxe2 30. Bxe2 Ke7 31. Kf2 Kd6 32. g5 Ke6 33. g4 f6 34. f4 fxg5 35. fxg5 Kf7 36.
Ke3 Kg7 37. Kf4 h6 38. Bf3 hxg5+ 39. Kxg5 Kf7 40. Bd1 cxd4 41. cxd4 Bc8 42. Bc2 Kg7 43. Bxg6 Bxg4 44. Bf5 Be2 45. Be6 Bf3 46. Kf4 Bg2 47. Ke5 Kf8 48. Bxd5 Bh3 49. Kd6 Ke8 50. Be6 Kd8 51.
Bxh3 1-0

[Event "*** Titled Tuesday Blitz"]
[Site "Chess.com"]
[Date "2021.02.02"]
[Round "5"]
[White "esrosenberg"]
[Black "MartinMatthiesen"]
[Result "0-1"]
[WhiteElo "2172"]
[BlackElo "2339"]
[TimeControl "180+1"]
[EndTime "10:59:18 PST"]
[Termination "MartinMatthiesen won by checkmate"]

1. Nf3 d5 2. c4 c6 3. d4 Nf6 4. Nc3 e6 5. Bg5 Nbd7 6. e3 Qa5 7. Nd2 Bb4 8. Rc1 O-O 9. Bf4 Re8 10. Bd3 e5 11. dxe5 Nxe5 12. Bxe5 Rxe5 13. O-O Qd8 14.
h3 Rg5 15. Kh1 Rh5 16. Be2 Rh6 17. Nf3 Be6 18. Nd4 Bxh3 19. gxh3 Qd7 20. Bg4 Nxg4 21. Kg2 Nh2 22. h4 Nxf1 23. Kxf1 Rxh4 24. Ke2 dxc4 25. Nf3 Qxd1+ 26. Rxd1 Rh6 27. Ne4 b5 28. Ng3 Rd6 29. Rh1 h6 30. Nf5 Rd7 31. N3d4 Rad8 32. Rg1 f6 33.
Ne6 Re8 34. Nexg7 Kh7 35. Nh5 Rf7 36. Nxf6+ Rxf6 37. Ng3 Rg8 38. Kf1 Bc5 39. Kg2 Rfg6 40. Kh2 Rxg3 41. Rg2 Rxg2+ 42. Kh3 Rxf2 43. e4 Bd6 44. e5 Bxe5 45. b3 Rh2# 0-1

[Event "*** Titled Tuesday Blitz"]
[Site "Chess.com"]
[Date "2021.02.02"]
[Round "5"]
[White "temiksmozg"]
[Black "eljanov"]
[Result "1-0"]
[WhiteElo "2629"]
[BlackElo "2875"]
[TimeControl "180+1"]
[EndTime "10:59:19 PST"]
[Termination "temiksmozg won on time"]

1. d4 Nf6 2. c4 e6 3. Nc3 Bb4 4. Qc2 O-O 5. a3 Bxc3+ 6. Qxc3 d6 7. Nf3 Nbd7 8. e3 Re8 9. Be2 e5 10. O-O e4 11. Nd2 c6 12. a4 d5 13. b4 Nf8 14.
b5 Ng6 15. a5 Bg4 16. Re1 Bxe2 17. Rxe2 a6 18. bxc6 bxc6 19. Ba3 Nh4 20. Nf1 Qd7 21.
Rc2 h5 22. cxd5 cxd5 23. Qc7 Qf5 24. Ng3 Qg6 25. Qf4 Qg4 26. Bd6 Rec8 27. Rc5 Qxf4 28. Bxf4 Ng6 29. Bg5 Nh7 30. Rxd5 Rab8 31. Nxh5 Rc2 32.
Nf4 Nxg5 33. Nxg6 Ne6 34. Ne7+ Kf8 35. Nf5 g6 36. Ng3 f5 37. h4 Rbb2 38. Rf1 f4 39. Nxe4 fxe3 40. fxe3+ Ke7 41. Rf2 Rxf2 42. Nxf2 Re2 43.
Re5 Kd7 44. Ng4 Ra2 45. Nf6+ 1-0

[Event "*** Titled Tuesday Blitz"]
[Site "Chess.com"]
[Date "2021.02.02"]
[Round "5"]
[White "Kotofeyca"]
[Black "Frolyanov_D"]
[Result "1/2-1/2"]
[WhiteElo "2405"]
[BlackElo "2603"]
[TimeControl "180+1"]
[EndTime "10:59:19 PST"]
[Termination "Game drawn by repetition"]

1. d4 d5 2. c4 e6 3. Nc3 c6 4. cxd5 exd5 5. Qc2 Na6 6. a3 g6 7.
Bf4 Bd6 8. Bxd6 Qxd6 9. e4 dxe4 10. Qxe4+ Be6 11. Bxa6 bxa6 12. Nf3 Nf6 13. Qe5 Qxe5+ 14.
dxe5 Nd5 15. Ne4 O-O 16. O-O-O a5 17. Nd4 c5 18. Nc6 Rfc8 19. Nf6+ Nxf6 20. Ne7+ Kf8 21. Nxc8 Ng4 22. Nd6 Nxf2 23. Rhe1 Nxd1 24. Kxd1 Ke7 25. Ne4 c4 26. Kc1 Rd8 27. Re3 Rd5 28. Nc3 Rd4 29. h3 a6 30. g4 g5 31. Kc2 h6 32.
Ne2 Rd7 33. Kc3 Rd1 34. Nd4 Rc1+ 35. Kd2 Rh1 36. Kc3 Rh2 37. Rf3 Bd5 38. Re3 Be6 39. Rf3 a4 40. Nc6+ Kd7 41. Nd4 a5 42. Re3 Rh1 43. Nxe6 Kxe6 44. Kxc4 Rh2 45. Kb5 Rxb2+ 46.
Kxa4 Rb8 47. Kxa5 Ra8+ 48. Kb5 Rb8+ 49. Ka5 Ra8+ 50. Kb5 Rb8+ 51. Kc6 Ra8 52. Kb7 Ra4 53. Kb6 Ra8 54. Kb5 1/2-1/2

[Event "*** Titled Tuesday Blitz"]
[Site "Chess.com"]
[Date "2021.02.02"]
[Round "5"]
[White "Rud_Makarian"]
[Black "Onischuk_V"]
[Result "1-0"]
[WhiteElo "2913"]
[BlackElo "2824"]
[TimeControl "180+1"]
[EndTime "10:59:21 PST"]
[Termination "Rud_Makarian won by resignation"]

1. d4 d6 2. Nf3 g6 3. c4 Bg7 4.
Nc3 Nc6 5. d5 Ne5 6. Nxe5 Bxe5 7. e4 Nf6 8. Be2 Bxc3+ 9. bxc3 Nxe4 10. Qd4 Nf6 11. Bh6 c5 12. Qh4 Qa5 13. O-O Qxc3 14.
Rfe1 Qd4 15. Qg3 Ne4 16. Qf4 g5 17. Bxg5 Nxg5 18. Qxg5 h6 19. Qh5 Qf6 20. Rab1 b6 21.
Rb3 Qg5 22. Re3 Kf8 23. h4 Qxh5 24. Bxh5 e5 25. f4 f6 26. fxe5 dxe5 27. Rf1 Ke7 28. d6+ Kxd6 29. Rxf6+ Kc7 30. Rxe5 Bd7 31. Re7 Rad8 32.
Rff7 Kc8 33. Rxd7 Rxd7 34. Bg4 Rd8 35. Kf2 Kc7 36. Bxd7 Rxd7 37. Rxd7+ Kxd7 38. g4 Ke6 39. Kf3 Ke5 40. Ke3 a6 41. a4 a5 42. Kf3 Kd4 43.
g5 hxg5 44. hxg5 Kxc4 45. g6 Kd3 46. g7 c4 47. g8=Q 1-0

[Event "*** Titled Tuesday Blitz"]
[Site "Chess.com"]
[Date "2021.02.02"]
[Round "5"]
[White "olksuna"]
[Black "IljaJoke"]
[Result "1-0"]
[WhiteElo "2695"]
[BlackElo "2507"]
[TimeControl "180+1"]
[EndTime "10:59:21 PST"]
[Termination "olksuna won on time"]

1. e4 e5 2. d4 exd4 3. Qxd4 Nc6 4. Qc4 Nf6 5. Nc3 Ne5 6. Qe2 Bb4 7. Bd2 d6 8. O-O-O O-O 9. a3 Ba5 10. f3 Be6 11. Qf2 Nc4 12. Bxc4 Bxc4 13. g4 b5 14. g5 Nd7 15. Nd5 Bxd2+ 16. Qxd2 Nb6 17. h4 Bxd5 18. exd5 Nc4 19. Qd4 Qe7 20. b3 Qe3+ 21. Kb1 Qxd4 22. Rxd4 Ne3 23. Ne2 Rfe8 24. Nc3 Nf5 25. Rf4 Ng3 26. Rh2 Re1+ 27. Kb2 a6 28. Rg2 Nh5 29. Re4 Rxe4 30. Nxe4 Nf4 31. Rd2 Kf8 32. c4 bxc4 33. bxc4 Rb8+ 34. Kc2 Ke7 35. Rh2 f5 36. gxf6+ gxf6 37. Ng3 Rg8 38. Nf5+ Kd7 39. Kd2 Rb8 40. Ke3 Nh5 41. Nd4 Rb1 42. Rg2 Ra1 43. Rg8 Rxa3+ 44. Ke4 a5 45. Rh8 f5+ 46. Kxf5 Ng3+ 47. Kg4 Nf1 48.
Nc6 1-0

[Event "*** Titled Tuesday Blitz"]
[Site "Chess.com"]
[Date "2021.02.02"]
[Round "5"]
[White "Fischerev7"]
[Black "PopMilan95"]
[Result "0-1"]
[WhiteElo "2374"]
[BlackElo "2612"]
[TimeControl "180+1"]
[EndTime "10:59:21 PST"]
[Termination "PopMilan95 won by resignation"]

1. e4 d6 2. d4 Nf6 3. Bd3 Nc6 4. c3 e5 5. dxe5 Nxe5 6. Bc2 Be7 7. h3 O-O 8. Nf3 Nxf3+ 9. Qxf3 Re8 10. O-O Bd7 11. Bg5 Bc6 12. Nd2 h6 13. Bh4 Nd7 14. Bxe7 Qxe7 15.
Rfe1 a5 16. Rad1 a4 17. Bb1 Ra5 18. Nf1 Re5 19. Ng3 Nc5 20. Nf5 Qg5 21. Ng3 d5 22. Qe3 dxe4 23. Qxg5 hxg5 24. Nf1 f5 25. Ne3 Bb5 26. c4 Bc6 27. Rd4 g6 28. Red1 Kg7 29. g3 R8e7 30. Bc2 Ne6 31. R4d2 Rc5 32. b3 axb3 33.
axb3 Ra5 34. Rb1 Ra2 35. Kf1 f4 36. gxf4 gxf4 37. Ng4 Ng5 38. Ke1 Nf3+ 39. Kd1 Nxd2 40.
Kxd2 e3+ 41. fxe3 Rxc2+ 42. Kxc2 Be4+ 43. Kb2 Bxb1 44. Kxb1 fxe3 0-1

[Event "*** Titled Tuesday Blitz"]
[Site "Chess.com"]
[Date "2021.02.02"]
[Round "5"]
[White "AniJak"]
[Black "ErikBlomqvist"]
[Result "0-1"]
[WhiteElo "2281"]
[BlackElo "2492"]
[TimeControl "180+1"]
[EndTime "10:59:21 PST"]
[Termination "ErikBlomqvist won on time"]

1. e4 c6 2. d4 d5 3. e5 c5 4. dxc5 e6 5. a3 Bxc5 6. b4 Bb6 7. Nf3 Ne7 8. Bd3 a5 9. Bb2 axb4 10. axb4 Rxa1 11.
Bxa1 Na6 12. b5 Nc5 13. O-O Ng6 14. Nbd2 Nf4 15. Be2 O-O 16. g3 Nxe2+ 17. Qxe2 Bd7 18. Bd4 Na4 19. Nb3 Qc7 20. Ra1 Nc3 21. Bxc3 Qxc3 22. Rd1 Rc8 23. Nfd4 Rc4 24. Qd2 Qxd2 25. Rxd2 g5 26.
h3 Kg7 27. Kf1 f6 28. f4 gxf4 29. gxf4 fxe5 30. fxe5 Rc3 31. Kg2 Bc7 32. Re2 Kg6 33. Nd2 Bb6 34. N2f3 Rc4 35. Rd2 Ra4 36. Kg3 Ra3 37.
Kf4 Ra4 38. Rg2+ Kf7 39. Ke3 Bxb5 40. Ng5+ Ke7 41. Nxe6 Be8 42. Rg7+ Bf7 43. Rxh7 Rc4 0-1

[Event "*** Titled Tuesday Blitz"]
[Site "Chess.com"]
[Date "2021.02.02"]
[Round "5"]
[White "Arvids_Andrejevs"]
[Black "StockholmMissile"]
[Result "1-0"]
[WhiteElo "2400"]
[BlackElo "2511"]
[TimeControl "180+1"]
[EndTime "10:59:23 PST"]
[Termination "Arvids_Andrejevs won on time"]

1. e4 e5 2. Nf3 Nc6 3. Nc3 Nf6 4. Bb5 Bb4 5. O-O O-O 6. d3 Bxc3 7. bxc3 d6 8. Bg5 Ne7 9. Bxf6 gxf6 10. Nh4 f5 11. exf5 Nxf5 12. Nxf5 Bxf5 13. f4 f6 14. fxe5 fxe5 15.
Bc4+ Kh8 16. Qf3 c6 17. Rab1 Qe7 18. Qe3 Qg7 19. Rf2 d5 20. Rbf1 dxc4 21. Rxf5 Rxf5 22.
Rxf5 cxd3 23. cxd3 Re8 24. Qe4 Re7 25. Qf3 Re8 26.
Rf7 Qg5 27. h4 Qc1+ 28. Kh2 Qh6 29. g3 b6 30. Rxa7 e4 31. dxe4 Rd8 32. Rf7 Rd2+ 33. Kh3 Qe6+ 34. Qf5 Qxf5+ 35. exf5 Rxa2 36. Rc7 c5 37. Rc6 Rb2 38. Kg4 Kg8 39. Kg5 Rc2 40. Kf6 h6 41. g4 Rxc3 42. g5 hxg5 43. hxg5 Rd3 44. g6 Kf8 45. Rc8+ 1-0

[Event "*** Titled Tuesday Blitz"]
[Site "Chess.com"]
[Date "2021.02.02"]
[Round "5"]
[White "Evgeny81"]
[Black "NMJeevanK"]
[Result "1-0"]
[WhiteElo "2747"]
[BlackElo "2517"]
[TimeControl "180+1"]
[EndTime "10:59:25 PST"]
[Termination "Evgeny81 won by resignation"]

1. e4 e5 2. Nf3 Nc6 3. Bb5 a6 4. Ba4 Nf6 5. O-O Be7 6. d3 b5 7. Bb3 d6 8. a4 Rb8 9. axb5 axb5 10. Nc3 O-O 11. h3 Nd4 12. Nxd4 exd4 13. Ne2 c5 14.
Nf4 Bb7 15. Qf3 Kh8 16. Re1 Nd7 17. Bd5 Ne5 18. Qe2 Bc8 19. Ra7 Bg5 20. Bd2 f5 21.
Nh5 f4 22. Rxg7 Bh6 23. Ra7 Qh4 24. Rea1 f3 25. Bxh6 Rg8 26. Bxg8 fxe2 27. Bg7+ Kxg8 28. Nf6+ Qxf6 29. Bxf6 c4 30. Bxe5 dxe5 31. Re1 c3 32. b4 Be6 33. Rxe2 Rc8 34. Ra5 Rb8 35. f4 exf4 36. Rf2 Kg7 37. Rxf4 Bf7 38. Ra7 Kg6 39. Raxf7 Rb6 40. g4 Ra6 41. Kg2 h5 42. Kg3 h4+ 43. Kxh4 Rc6 44. R4f6+ Rxf6 45. Rxf6+ Kxf6 46. Kh5 Ke5 47. Kg5 Kd6 48. h4 Ke5 49. h5 1-0

[Event "*** Titled Tuesday Blitz"]
[Site "Chess.com"]
[Date "2021.02.02"]
[Round "5"]
[White "Etud-otradnoe"]
[Black "HrvojeZagreb"]
[Result "1-0"]
[WhiteElo "2374"]
[BlackElo "2218"]
[TimeControl "180+1"]
[EndTime "10:59:25 PST"]
[Termination "Etud-otradnoe won on time"]

1. e4 e6 2. Nf3 d5 3. Nc3 dxe4 4. Nxe4 Nd7 5. d4 Ngf6 6. Nxf6+ Nxf6 7. c3 c5 8. Ne5 a6 9. Qa4+ Bd7 10. Nxd7 Qxd7 11.
Qxd7+ Nxd7 12. dxc5 Bxc5 13. Be2 O-O 14. O-O Rfd8 15.
Rd1 h6 16. g3 Nf6 17. Bd2 Rd7 18. Be1 Rad8 19. Rxd7 Rxd7 20. Rd1 Rxd1 21. Bxd1 a5 22.
a4 b6 23. Bf3 Kf8 24. Kf1 Ke7 25. Ke2 g5 26. Kd3 Kd6 27. b4 g4 28. Bg2 Nd7 29.
bxc5+ Nxc5+ 30. Kc4 Nxa4 31. Kb5 Nb2 32. Bf1 Kd5 33. Bd2 Nd1 34. Kxb6 a4 35. c4+ Kd4 36. Bb4 Nxf2 37. c5 Ne4 38. c6 Nf6 39. Bg2 Ne8 40.
Kb7 f5 41. Kc8 Kc4 42. Bf8 1-0

[Event "*** Titled Tuesday Blitz"]
[Site "Chess.com"]
[Date "2021.02.02"]
[Round "5"]
[White "KyronGriffith"]
[Black "BvsN"]
[Result "1-0"]
[WhiteElo "2522"]
[BlackElo "2372"]
[TimeControl "180+1"]
[EndTime "10:59:26 PST"]
[Termination "KyronGriffith won by checkmate"]

1. e4 c5 2. Nf3 e6 3. b3 d6 4. Bb2 Nf6 5. Nc3 a6 6. g3 Nc6 7. Bg2 Be7 8. d4 cxd4 9. Nxd4 Qc7 10. O-O Bd7 11. Re1 O-O 12. h3 Rac8 13. Nde2 b5 14.
a3 Rfd8 15. Kh2 Bf8 16. Qd2 Ne5 17. f4 Ng6 18. Rac1 Bc6 19. Nd4 Bb7 20. a4 e5 21.
Nf5 d5 22. fxe5 Nxe4 23. Nxe4 dxe4 24. Qe2 Nxe5 25. Bxe4 Bxe4 26. Qxe4 Rd2+ 27. Re2 Qc6 28. Qxe5 Re8 29. Nh6+ Kh8 30. Qxe8 Qxe8 31. Rxd2 Qe3 32. Rcd1 f6 33. Ng4 Qf3 34. axb5 axb5 35. Re1 h5 36.
Rf2 Qc6 37. Nxf6 b4 38. Nxh5 Kh7 39. Nxg7 Bc5 40. Rfe2 Qd5 41. Ne6 Bd6 42. Nf4 Bxf4 43.
gxf4 Qf5 44. Be5 Kh6 45. Rg2 Kh5 46. Rg5+ Kh4 47. Rg4+ Kh5 48. Reg1 Qxc2+ 49. R1g2 Qd3 50. Rg5+ Kh6 51. Rg6+ Kh7 52. Rg7+ Kh6 53. Rg8 Qxh3+ 54. Kxh3 Kh5 55. Rh8# 1-0

[Event "*** Titled Tuesday Blitz"]
[Site "Chess.com"]
[Date "2021.02.02"]
[Round "5"]
[White "ketster"]
[Black "CSB7"]
[Result "0-1"]
[WhiteElo "2377"]
[BlackElo "2589"]
[TimeControl "180+1"]
[EndTime "10:59:26 PST"]
[Termination "CSB7 won on time"]

1. d4 d5 2. c4 e6 3. Nf3 Nf6 4. g3 Bb4+ 5. Bd2 Bd6 6. Nc3 c6 7.
Qc2 Bb4 8. Bg2 O-O 9. O-O dxc4 10. e4 a5 11. Rad1 b5 12. Bg5 h6 13. e5 hxg5 14. Nxg5 g6 15. exf6 Qxf6 16. Nge4 Qg7 17. a3 Be7 18. Nc5 Ra7 19. N3e4 Rd8 20. Qc3 Nd7 21. Nxd7 Raxd7 22. Qxa5 Rxd4 23. Nc3 Rxd1 24. Nxd1 Bd7 25. Qc7 Kf8 26. Bxc6 Bxc6 27. Qxc6 Qe5 28. Nc3 Bxa3 29. Nxb5 Bc5 30. Nc3 Kg7 31. Ne4 Bd4 32. Qb7 Rd5 33. Nc3 Bxc3 34. bxc3 Qxc3 35. Qc6 Qd3 36. Rc1 Rd4 37.
Qc5 Qe4 38. h4 Qd5 39. Qb4 Rd1+ 0-1

[Event "*** Titled Tuesday Blitz"]
[Site "Chess.com"]
[Date "2021.02.02"]
[Round "5"]
[White "MikeSailer"]
[Black "mfwagnerpeixoto"]
[Result "1-0"]
[WhiteElo "2189"]
[BlackElo "2330"]
[TimeControl "180+1"]
[EndTime "10:59:26 PST"]
[Termination "MikeSailer won on time"]

1. d4 d5 2. Nf3 c6 3. Bf4 Nf6 4. e3 g6 5. Be2 Bg7 6. h3 O-O 7.
O-O Bf5 8. c4 dxc4 9. Bxc4 b5 10. Be2 Nd5 11. Bh2 a6 12. Nbd2 Nf6 13. Rc1 Be6 14.
a3 Bd5 15. Ne5 Nfd7 16. Nb3 Nxe5 17. Bxe5 Bxe5 18. dxe5 Nd7 19. f4 Qb6 20. Nd4 e6 21.
Bf3 Nc5 22. Qc2 Nd7 23. Nxc6 Qxe3+ 24. Kh1 Bxf3 25. Rxf3 Qb6 26. Rd3 Qb7 27. Ne7+ Kg7 28. Qc7 Qxc7 29. Rxc7 Nb6 30. Nc6 Nd5 31. Rb7 Nxf4 32.
Rdd7 Rac8 33. Nd4 Rc1+ 34. Kh2 Kg8 35. g3 Nh5 36. g4 Nf4 37. Kg3 g5 38. h4 h6 39.
hxg5 hxg5 40. Nf3 Nd5 41. Nxg5 Rc2 42. Nxe6 Re8 43. Ng5 Rxe5 44. Nxf7 Re3+ 45. Kh4 Rh2+ 46. Kg5 Kf8 47. Nh6 Rxh6 48. Rf7+ Ke8 49. Kxh6 1-0

[Event "*** Titled Tuesday Blitz"]
[Site "Chess.com"]
[Date "2021.02.02"]
[Round "5"]
[White "federicosellitti"]
[Black "IMAghasiyevKamal"]
[Result "1-0"]
[WhiteElo "2439"]
[BlackElo "2580"]
[TimeControl "180+1"]
[EndTime "10:59:27 PST"]
[Termination "federicosellitti won by resignation"]

1. e4 e5 2. Nc3 Nf6 3. f4 d5 4. fxe5 Nxe4 5. Qf3 Nxc3 6. dxc3 Qh4+ 7. g3 Qe4+ 8. Qxe4 dxe4 9. Bg2 Bf5 10. Bf4 Nc6 11.
O-O-O Be7 12. h4 Rd8 13. Ne2 h6 14. Rxd8+ Bxd8 15. Nd4 Nxd4 16. cxd4 c6 17. Re1 g5 18. hxg5 hxg5 19. Bd2 Rh2 20. Bxe4 Bxe4 21. Rxe4 Rg2 22. Be1 Kd7 23. Kd1 b5 24. Re2 Rg1 25. Kd2 Ke6 26. c3 Kd5 27. Rh2 g4 28. Ke2 Bg5 29. Rh5 Bc1 30.
b3 Ke4 31. Rh4 Kf5 32. Rh5+ Ke4 33. Rh4 Rg2+ 34. Bf2 Kf5 35. Kf1 Rxf2+ 36. Kxf2 Bd2 37. c4 Bc3 38. Rh5+ Ke4 39. d5 cxd5 40. cxd5 Bxe5 41.
d6 Bxd6 42. Rxb5 f5 43. Ra5 Bb4 44. Ra4 a5 45. a3 Kd4 46. axb4 Kc3 47. bxa5 Kxb3 48.
Ra1 Kb2 49. a6 Kb3 50. a7 1-0

[Event "*** Titled Tuesday Blitz"]
[Site "Chess.com"]
[Date "2021.02.02"]
[Round "5"]
[White "Pintacara"]
[Black "BabyBoss31"]
[Result "0-1"]
[WhiteElo "2491"]
[BlackElo "2337"]
[TimeControl "180+1"]
[EndTime "10:59:27 PST"]
[Termination "BabyBoss31 won on time"]

1. d4 d5 2. Bg5 Nf6 3. Bxf6 gxf6 4. e3 c5 5. c4 cxd4 6. Qxd4 Nc6 7. Qxd5 Qxd5 8.
cxd5 Nb4 9. Na3 Nxd5 10. Bb5+ Bd7 11. Bxd7+ Kxd7 12. O-O-O Kc6 13. Kb1 e6 14. e4 Nf4 15.
Rc1+ Kd7 16. Nh3 Nxh3 17. Rhd1+ Ke8 18. gxh3 Bxa3 19. bxa3 Rd8 20. Rxd8+ Kxd8 21. Rd1+ Ke7 22. Rg1 Rd8 23. Kc2 Rd4 24. f3 Kf8 25. h4 f5 26. exf5 Rxh4 27. f6 Rxh2+ 28. Kd3 Rh6 29.
f4 Rxf6 30. Ke4 Rf5 31. Rc1 h5 32. Rc8+ Kg7 33. Rc7 Rb5 34. a4 Rb4+ 35. Kf3 Rxa4 36. Rxb7 Rxa2 37. Kg3 Ra4 38. Rc7 a5 39. Ra7 Kf6 40.
Kf3 h4 41. Kg4 h3 42. Ra8 Ra3 43. Rh8 a4 44. Rh6+ Ke7 45. Rh8 Ra1 46. Rxh3 a3 47. Rb3 a2 48. Rb7+ Kf6 0-1

[Event "*** Titled Tuesday Blitz"]
[Site "Chess.com"]
[Date "2021.02.02"]
[Round "5"]
[White "Trickster_Pony"]
[Black "PowerThinking2650"]
[Result "0-1"]
[WhiteElo "1458"]
[BlackElo "2386"]
[TimeControl "180+1"]
[EndTime "10:59:28 PST"]
[Termination "PowerThinking2650 won by checkmate"]

1. c4 Nf6 2. g3 g6 3. Bg2 Bg7 4.
Nc3 O-O 5. d3 d6 6. e4 c5 7. Nge2 Nc6 8. O-O Ne8 9. f4 Nc7 10. a4 Na6 11. f5 Nab4 12. Nd5 a5 13.
Bg5 f6 14. Be3 Ne5 15. Nxb4 axb4 16. b3 e6 17. fxe6 Bxe6 18. Nf4 Bd7 19. d4 Ng4 20.
Bf2 Nxf2 21. Rxf2 f5 22. e5 dxe5 23. Bd5+ Kh8 24. dxe5 Bxe5 25. Rc1 Rb8 26. Kh1 Qf6 27. Nd3 Bd4 28. Re2 Bc6 29. Bxc6 Qxc6+ 30. Rg2 Rbe8 31. Nf4 Bc3 32. Ne2 Rd8 33. Qf1 Bf6 34. Rd1 Rxd1 35. Qxd1 Rd8 36. Qf1 Rd2 37. Nf4 Ra2 38. Nd5 Ra1 39.
Qxa1 Bxa1 40. Re2 Kg7 41. Re7+ Kh6 42. Kg1 Bd4+ 43. Kf1 Qd6 44. Re2 Qd8 45. Nf4 Bc3 46. Ne6 Qd1+ 47. Kg2 Qxe2+ 48. Kh3 Qf1+ 49. Kh4 Bf6+ 50.
Ng5 Bxg5# 0-1